 Dungeon Crawl Stone Soup version 0.30-a0-913-g9934a0c (webtiles) character file.

Game seed: 89666559397438889

3985 Nithhogg the Cleaver (level 10, -4/90 HPs)
             Began as a Hill Orc Fighter on Mar 19, 2023.
             Was a Believer of the Shining One.
             Slain by a sixfirhy (12 damage)
             ... on level 12 of the Dungeon.
             The game lasted 00:16:30 (8733 turns).

Nithhogg the Cleaver (Hill Orc Fighter)             Turns: 8733, Time: 00:16:31

Health: -4/90      AC: 21    Str: 24    XL:     10   Next: 22%
Magic:  16/16      EV:  7    Int:  8    God:    the Shining One [**....]
Gold:   1910       SH:  0    Dex: 10    Spells: 9/9 levels left

rFire   + . .      SeeInvis .    a - +0 war axe
rCold   x . .      Faith    .    (no shield)
rNeg    + . .      Spirit   .    G - +1 plate armour
rPois   .          Reflect  .    r - +2 helmet
rElec   .          Rampage  .    (no cloak)
rCorr   .                        (no gloves)
Will    .....                    (no boots) Stlth
                                 F - amulet of the acrobat
HPRegen 0.35/turn                E - +4 ring of protection
MPRegen 0.15/turn                D - ring of fire

@: about to teleport, glowing
A: no striking features
a: Renounce Religion, Divine Shield


You were on level 12 of the Dungeon.
You worshipped the Shining One.
The Shining One was pleased with you.
You visited 2 branches of the dungeon, and saw 11 of its levels.
You also visited: Sewer.

You collected 1910 gold pieces.

Inventory:

Hand Weapons
 a - a +0 war axe (weapon)
 e - a +2 arbalest of electrocution
Armour
 b - a +0 scale mail
 c - a +0 buckler
 r - a +2 helmet (worn)
 G - a +1 plate armour (worn)
Jewellery
 t - an amulet of magic regeneration
 D - a ring of fire (right hand)
 E - a +4 ring of protection (left hand)
 F - an amulet of the acrobat (around neck)
 I - a ring of resist corrosion
Wands
 g - a wand of polymorph (18)
 u - a wand of quicksilver (23)
 w - a wand of flame (15)
 C - a wand of paralysis (8)
 J - a wand of mindburst (14)
Scrolls
 d - a scroll of summoning
 i - 3 scrolls of enchant weapon
 l - 4 scrolls of teleportation
 m - a scroll of vulnerability
 q - 2 scrolls of immolation
 v - a scroll of fear
 y - a scroll of fog
 B - a scroll of identify
Potions
 f - 4 potions of invisibility
 h - 3 potions of mutation {unknown}
 j - 2 potions of attraction {unknown}
 k - 6 potions of curing {unknown}
 n - 2 potions of degeneration {unknown}
 o - a potion of cancellation {unknown}
 p - 2 potions of resistance {unknown}
 s - a potion of brilliance {unknown}
 x - 2 potions of flight {unknown}
 z - a potion of lignification {unknown}
 A - a potion of berserk rage {unknown}


   Skills:
 + Level 8.6 Fighting
 * Level 12.1 Axes
 + Level 7.9 Armour
 - Level 3.2 Shields
 + Level 8.4 Invocations


You had 9 spell levels left.
You didn't know any spells.
Your spell library contained the following spells:

 Spells                   Type           Power      Damage    Failure   Level
 Foxfire                  Conj/Fire      0%         2x1d4     99%         1
 Ignite Poison            Fire/Tmut/Pois 0%         N/A       100%        3
 Inner Flame              Hex/Fire       0%         N/A       100%        3
 Ozocubu's Armour         Ice            0%         N/A       100%        3
 Flame Wave               Conj/Fire      0%         2d4       100%        4
 Sticky Flame             Conj/Fire      0%         2d3       100%        4
 Fireball                 Conj/Fire      0%         3d3       100%        5
 Starburst                Conj/Fire      0%         6d3       100%        6
 Ozocubu's Refrigeration  Ice            0%         4d7       100%        7
 Ignition                 Fire           0%         3d3       100%        8


Dungeon Overview and Level Annotations

Branches:
Dungeon (9/15)             Temple (1/1) D:4           Sewer (visited)
   Lair: D:8-11         Orc: D:9-12

Altars:
Ashenzari
Cheibriados
Dithmenos
Elyvilon
Fedhas
Gozag
Hepliaklqana
Kikubaaqudgha
Makhleb
Nemelex Xobeh
Okawaru
Qazlal
Ru
Sif Muna
Trog
Uskayaw
Vehumet
Wu Jian
Xom
Yredelemnul
Zin
The Shining One

Shops:
D:5 (   D:8 :

Annotations:
D:9 Pikel


Message History

The sixfirhy hits your orc. The sixfirhy shocks your orc!
Your orc dies!
Your orc's corpse dissolves into shadows!
The sixfirhy hits your unseen horror but does no damage.
Your unseen horror closely misses the sixfirhy.
The sixfirhy hits your unseen horror. The sixfirhy shocks your unseen horror!
The centaur shoots an arrow.
The arrow hits your unseen horror.
Your orc hits the sixfirhy but does no damage.
You swap places.
A wraith comes into view.
The sixfirhy hits your unseen horror! The sixfirhy shocks your unseen horror!
The sixfirhy closely misses your unseen horror.
Your unseen horror misses the sixfirhy.
The sixfirhy hits your unseen horror. The sixfirhy shocks your unseen horror!
Your unseen horror dies!
Your unseen horror dissolves into shadows!
The centaur shoots an arrow.
The arrow hits you!
* * * LOW HITPOINT WARNING * * *
The centaur shoots an arrow.
The arrow completely misses you.
Your orc barely misses the sixfirhy.
Your orc closely misses the sixfirhy.
Your orc wizard hits the sixfirhy with a +0 dagger.
As you read the scroll of fear, it crumbles to dust.
You assume a fearsome visage.
The sixfirhy looks frightened!
The centaur looks frightened! x2; The wraith is unaffected.
Your orc hits the sixfirhy with a +0 club.
Your orc wizard hits the sixfirhy but does no damage.
Your orc hits the sixfirhy but does no damage.
As you read the scroll labelled MERHIP ISME, it crumbles to dust.
It is a scroll of enchant armour.
Your +0 plate armour glows green for a moment.
Your orc hits the sixfirhy with a +0 club.
Your orc wizard casts a spell.
Your orc wizard flickers and vanishes for a moment.
Your orc hits the sixfirhy with a +0 club.
Your orc's attack snaps the sixfirhy out of its fear.
As you read the scroll of teleportation, it crumbles to dust.
You feel strangely unstable. The sixfirhy hits you.
* * * LOW HITPOINT WARNING * * *
The sixfirhy shocks you!
You die...

##############
.............#
.............#
.............# ###
######.......# .(.
####.......######.####
...W.......+ .$.....cc
.###......o###........
.......@3.....c#
###......oo#####
#........# #....../.#
#........# ..........#
###.#####..# .. ##..
###


You could see a sixfirhy (ally target), a wraith, a centaur (fleeing), a
friendly orc wizard (summoned, invisible) and 2 friendly orcs.

Vanquished Creatures
  The ghost of FromWork the Shooter, a novice DEBe of Trog (D:5)
  2 wraiths
  A wyvern (D:9)
  2 steam dragons
  4 water moccasins
  4 orc warriors
  2 ice beasts
  2 black bears
  3 centaurs (D:9)
  2 phantoms
  2 kobold brigands
  A bullfrog (D:8)
  2 scorpions (D:7)
  5 electric eels
  6 howler monkeys
  A jelly (D:4)
  2 hounds (D:6)
  4 orc priests
  5 iguanas
  2 sleepcaps
  5 orc wizards
  4 gnolls (D:6)
  11 adders
  3 white imps
  2 ufetubi
  17 orcs
  3 endoplasms
  3 giant cockroaches
  7 goblins
  5 hobgoblins
  2 quokkas
  5 ball pythons
  13 bats
  3 frilled lizards
  17 kobolds
  6 rats
  A bush (D:7)
160 creatures vanquished.

Vanquished Creatures (others)
  An orc (D:9)
  A fungus (D:9)
  32 plants
34 creatures vanquished.

Grand Total: 194 creatures vanquished

Notes
Turn   | Place    | Note
-------+----------+-------------------------------------------
     0 | D:1      | Nithhogg the Hill Orc Fighter began the quest for the Orb.
     0 | D:1      | Reached XP level 1. HP: 19/19 MP: 1/1
     7 | D:1      | Noticed a minotaur
     7 | D:1      | Noticed a ghoul
     9 | D:1      | Noticed a merfolk
     9 | D:1      | Noticed a vine stalker
    11 | D:1      | Noticed an elf
    13 | D:1      | Noticed a naga
    15 | D:1      | Noticed a demonspawn
    15 | D:1      | Noticed a demigod
    17 | D:1      | Noticed an octopode
    17 | D:1      | Noticed a human
    19 | D:1      | Noticed a felid
    19 | D:1      | Noticed a formicid
    21 | D:1      | Noticed an armataur
    21 | D:1      | Noticed an ogre
    23 | D:1      | Noticed a spriggan
    23 | D:1      | Noticed a gargoyle
    25 | D:1      | Noticed a vampire
    27 | D:1      | Noticed a troll
    27 | D:1      | Noticed a meteoran
    29 | D:1      | Noticed a gargoyle
    29 | D:1      | Noticed a draconian
    31 | D:1      | Noticed a formicid
    31 | D:1      | Noticed a tengu
    82 | D:1      | Reached skill level 3 in Axes
   118 | D:1      | Reached XP level 2. HP: 25/27 MP: 2/2
   289 | D:1      | Reached skill level 1 in Invocations
   959 | D:2      | Reached XP level 3. HP: 33/33 MP: 2/4
  1162 | D:2      | Reached skill level 4 in Axes
  1629 | D:3      | Reached XP level 4. HP: 40/40 MP: 5/5
  1674 | D:3      | Found a faded altar of an unknown god.
  2576 | D:4      | Found a staircase to the Ecumenical Temple.
  2592 | D:4      | Reached XP level 5. HP: 26/47 MP: 6/6
  2596 | Temple   | Entered the Ecumenical Temple
  2825 | Temple   | Became a worshipper of the Shining One
  2971 | D:4      | Reached skill level 5 in Axes
  3072 | D:4      | Noticed a black bear
  3091 | D:4      | Killed a black bear
  3092 | D:4      | Reached XP level 6. HP: 29/53 MP: 8/8
  3335 | D:4      | Identified a scroll of acquirement
  3335 | D:4      | Acquired 1189 gold pieces
  3342 | D:5      | Entered Level 5 of the Dungeon
  3387 | D:5      | Noticed an ice beast
  3400 | D:5      | Killed an ice beast
  3401 | D:5      | Reached skill level 5 in Fighting
  3446 | D:5      | Reached skill level 6 in Axes
  3608 | D:5      | Found Iwurius's Weapon Shop.
  3788 | D:5      | Found a large runed translucent door.
  3788 | D:5      | Found a large runed translucent door.
  3789 | D:5      | Noticed FromWork's ghost (novice DEBe)
  4126 | D:5      | Reached XP level 7. HP: 58/61 MP: 8/10
  4376 | D:5      | Killed FromWork's ghost
  4377 | D:5      | Reached skill level 7 in Axes
  4377 | D:5      | Reached skill level 5 in Armour
  4579 | D:6      | Reached XP level 8. HP: 32/70 MP: 11/11
  4635 | D:6      | Reached skill level 8 in Axes
  4635 | D:6      | Reached skill level 5 in Invocations
  4794 | D:6      | Reached * piety under the Shining One
  4841 | D:6      | Found a glowing drain.
  4871 | Sewer    | Entered a sewer
  5107 | D:6      | Reached skill level 9 in Axes
  5898 | D:7      | Found a burning altar of Makhleb.
  5902 | D:7      | Reached XP level 9. HP: 78/78 MP: 13/13
  6392 | D:7      | Reached skill level 10 in Axes
  7339 | D:8      | Found a radiant altar of Vehumet.
  7342 | D:8      | Found an opulent altar of Gozag.
  7344 | D:8      | Found a sparkling altar of Nemelex Xobeh.
  7352 | D:8      | Found a hazy altar of Hepliaklqana.
  7374 | D:8      | Found a bloodstained altar of Trog.
  7378 | D:8      | Found a basalt altar of Yredelemnul.
  7378 | D:8      | Found a shimmering blue altar of Sif Muna.
  7379 | D:8      | Found an ancient bone altar of Kikubaaqudgha.
  7381 | D:8      | Found a snail-covered altar of Cheibriados.
  7385 | D:8      | Found a white marble altar of Elyvilon.
  7393 | D:8      | Found a sacrificial altar of Ru.
  7516 | D:8      | Found Femeen's Book Shoppe.
  7623 | D:8      | Reached skill level 11 in Axes
  7763 | D:9      | Found a stormy altar of Qazlal.
  7763 | D:9      | Found a blossoming altar of Fedhas.
  7894 | D:9      | Noticed Pikel
  7898 | D:9      | Paralysed by Pikel for 2 turns
  8146 | D:9      | Reached XP level 10. HP: 77/88 MP: 15/15
  8478 | D:9      | Reached ** piety under the Shining One
  8493 | D:9      | Reached skill level 12 in Axes
  8653 | D:9      | You fall into a shaft and drop 3 floors!
  8662 | D:12     | Noticed a deep elf pyromancer
  8717 | D:12     | Noticed a sixfirhy
  8733 | D:12     | Slain by a sixfirhy

Illustrated notes

Levels and vault maps discovered:
D:1:      kb_arrival_jail, layout_basic, chequers_serial_rivers_room_a,
          minmay_tree_intersection
D:2:      layout_loops_ring, minmay_crystal_water
D:3:      layout_basic, basic_ecumenical_altar
D:4:      layout_basic, minmay_temple_entry_sparse_star
D:5:      layout_basic, ebering_ghost_disaster_area, serial_shops, shop,
          minivault_23
D:6:      layout_loops_corners, portal_sewer_entry_d
D:7:      layout_loops_ring, mainiacjoe_overflow_paths,
          kennysheep_pointless_box, minmay_hedge_maze
D:8:      layout_basic, nicolae_overflow_hallway_of_the_gods, serial_shops,
          shop, serial_bayou_pond_a
D:9:      layout_irregular_city, grunt_temple_overflow_forces_of_nature,
          david_lair_shrubbed, erik_orc_2, gammafunk_ghost_grave, uniq_pikel
D:12:     minmay_shoctagon, layout_basic, chequers_avenue, bloody_makhleb
Temple:   hellmonk_temple_flake

Skill      XL: |  1  2  3  4  5  6  7  8  9 10 |
---------------+-------------------------------+-----
Axes           | 3 4 5 6 7 9 11 12 | 12.1
Invocations    | 1 2 3 4 6 7 8 |  8.4
Fighting       | 4 5 6 8 |  8.6
Armour         | 4 5 6 7 |  7.9
Shields        | |  3.2

Action                     |  1- 3 |  4- 6 |  7- 9 | 10-12 || total
---------------------------+-------+-------+-------+-------++-------
  Melee: War axe           |    80 |   133 |   318 |    53 ||   584
         Punch             |       |     1 |     3 |     2 ||     6
  Evoke: Wand              |       |     4 |     5 |     4 ||    13
    Use: Scroll            |     4 |     4 |     8 |     5 ||    21
         Potion            |       |       |     7 |       ||     7
 Armour: Scale mail        |    42 |    83 |   103 |       ||   228
         Plate armour      |       |       |    62 |    27 ||    89
  Dodge: Dodged            |    44 |    78 |   143 |    30 ||   295

Table legend: (Time is in decaauts)
 A = Elapsed time spent in this place.
 B = Non-inter-level travel time spent in this place.
 C = Inter-level travel time spent in this place.
 D = Time resting spent in this place.
 E = Time spent auto-exploring this place.
 F = Levels seen in this place.
 G = Mean time per level.
                   A        B        C        D        E       F      G
               +--------+--------+--------+--------+--------+-----+--------+
         Total |   8792 |   8529 |    263 |    627 |   6305 |  12 |  732.7 |
       Dungeon |   8359 |   8112 |    247 |    627 |   5953 |  10 |  835.9 |
        Temple |    240 |    224 |     16 |      0 |    204 |   1 |  240.0 |
         Sewer |    191 |    191 |      0 |      0 |    148 |   1 |  191.0 |
               +--------+--------+--------+--------+--------+-----+--------+

Top non-repeatable levels by time:
     D:6: 1244 daAuts
     D:7: 1221 daAuts
     D:5: 1143 daAuts
     D:9: 871 daAuts
     D:1: 838 daAuts
     D:3: 814 daAuts
     D:2: 796 daAuts
     D:4: 703 daAuts
     D:8: 647 daAuts
  Temple: 240 daAuts
   Sewer: 191 daAuts
    D:12: 79 daAuts
